 Dungeon Crawl Stone Soup version 0.30-a0-313-gae38170b09 (webtiles) character file.

Game seed: 5054300537176605166

842 McGhostyFace the Covert (level 8, -1/67 HPs)
             Began as a Gnoll Delver on Oct 27, 2022.
             Was an Initiate of Gozag.
             Slain by a komodo dragon (27 damage)
             ... on level 6 of the Dungeon.
             The game lasted 00:12:00 (3023 turns).

McGhostyFace the Covert (Gnoll Delver)              Turns: 3023, Time: 00:12:01

Health: -1/67      AC:  5    Str: 12    XL:     8   Next: 0%
Magic:  12/12      EV: 13    Int: 11    God:    Gozag
Gold:   125        SH:  0    Dex: 14    Spells: 13/13 levels left

rFire   . . .      SeeInvis .    h - +0 rapier
rCold   . . .      Faith    .    (no shield)
rNeg    . . .      Spirit   .    b - +0 leather armour
rPois   .          Reflect  .    (no helmet)
rElec   .          Harm     .    i - +0 cloak
rCorr   .          Rampage  .    o - +0 pair of gloves
Will    .....                    (no boots)
Stlth   ++++......               (no amulet)
HPRegen 0.31/turn                (no ring)
MPRegen 0.13/turn                (no ring)

@: no status effects
A: fangs 1, strong nose, distributed training
a: Renounce Religion, Potion Petition, Call Merchant, Bribe Branch


You were on level 6 of the Dungeon.
You worshipped Gozag.
Gozag was aware of your devotion.
You visited 2 branches of the dungeon, and saw 5 of its levels.

You collected 158 gold pieces.
You paid 33 gold pieces to Gozag.

Inventory:

Hand Weapons
 a - a +0 short sword
 h - a +0 rapier (weapon)
 j - a +0 trident
Missiles
 q - 2 poisoned darts (quivered)
Armour
 b - a +0 leather armour (worn)
 i - a +0 cloak (worn)
 o - a +0 pair of gloves (worn)
Wands
 g - a wand of digging (3)
 n - a wand of flame (2)
Scrolls
 c - a scroll of fog
 d - a scroll of magic mapping
 l - a scroll of identify {unknown}
 m - a scroll of enchant weapon {unknown}
Potions
 e - 2 potions of mutation {unknown}
 f - 2 potions of haste
 k - a potion of might {unknown}
 p - a potion of lignification {unknown}
 r - a potion of flight {unknown}
 s - a potion of heal wounds


   Skills:
 + Level 7.2 Fighting
 + Level 5.5 Short Blades
 + Level 3.0 Long Blades
 + Level 3.0 Axes
 + Level 3.0 Maces & Flails
 + Level 3.0 Polearms
 + Level 3.0 Staves
 + Level 3.0 Ranged Weapons
 + Level 3.0 Throwing
 + Level 3.0 Armour
 + Level 5.5 Dodging
 + Level 10.0 Stealth
 + Level 3.0 Shields
 + Level 3.0 Unarmed Combat
 + Level 3.0 Spellcasting
 + Level 2.4 Conjurations
 + Level 2.4 Hexes
 + Level 2.4 Summonings
 + Level 2.4 Necromancy
 + Level 2.4 Translocations
 + Level 2.4 Transmutations
 + Level 2.4 Fire Magic
 + Level 2.4 Ice Magic
 + Level 2.4 Air Magic
 + Level 2.4 Earth Magic
 + Level 2.4 Poison Magic
 + Level 3.2 Invocations
 + Level 3.0 Evocations


You had 13 spell levels left.
You didn't know any spells.
Your spell library contained the following spells:

 Spells                   Type           Power      Damage    Failure   Level
 Anguish                  Hex/Necr       3%         N/A       77%         4
 Fulminant Prism          Conj/Hex       3%         3d6       77%         4
 Summon Forest            Summ/Tloc      3%         N/A       98%         5
 Yara's Violent Unravell  Hex/Tmut       3%         3d4       98%         5
 Eringya's Noxious Bog    Tmut/Pois      3%         N/A       100%        6
 Summon Hydra             Summ           3%         N/A       100%        7


Dungeon Overview and Level Annotations

Branches:
Dungeon (8/15)             Temple (1/1) D:7
   Lair: D:8-11

Altars:
Cheibriados
Fedhas
Gozag
Hepliaklqana
Kikubaaqudgha
Okawaru
Qazlal
Ru
Trog
Vehumet
Yredelemnul
Zin
The Shining One


Innate Abilities, Weirdness & Mutations

You have very sharp teeth.
Your uncanny sense of smell can sniff out nearby items.
Your experience applies equally to all skills.


Message History

There is an open door, spattered with blood here.
You open the door.
The komodo dragon hisses angrily.
There is an open door here.
You hit the komodo dragon.
The komodo dragon is lightly wounded.
The komodo dragon hisses menacingly.
The komodo dragon bites you!!
You don't know any spells.
Throw: 5 darts (poison)
Press: ? - help, Q - select action, (/) - cycle Shift-Dir - straight line, f - komodo dragon
Aim: a komodo dragon (lightly wounded, 70% to hit)
You throw a poisoned dart.
The poisoned dart barely misses the komodo dragon.
The hornet buzzes angrily.
The komodo dragon bites you!!
Unknown command.
Throw: 4 darts (poison)
Press: ? - help, Q - select action, (/) - cycle Shift-Dir - straight line, f/p - komodo dragon
Aim: a komodo dragon (lightly wounded, 70% to hit)
You throw a poisoned dart.
The poisoned dart hits the komodo dragon.
The komodo dragon is poisoned.
The komodo dragon is lightly wounded.
The komodo dragon bites you.
Throw: 3 darts (poison)
Press: ? - help, Q - select action, (/) - cycle Shift-Dir - straight line, f/p - komodo dragon
Aim: a komodo dragon (lightly wounded, poisoned, 70% to hit)
You throw a poisoned dart.
The poisoned dart hits the komodo dragon.
The komodo dragon looks even sicker.
The komodo dragon is lightly wounded.
The komodo dragon barely misses you.
You barely miss the komodo dragon. Your bite misses the komodo dragon.
The komodo dragon is lightly wounded.
You closely miss the komodo dragon.
The komodo dragon is lightly wounded.
The komodo dragon bites you!!
You die...
Your body crumbles into a pile of gold.

#.# #.# ##...## ###......
.###.###.# ##.....## ##.#.####.
.........# ##..>....###.>..## #.
####.#...####.........#......###.
............'..................#.
####.#...####.........#......#.#.
#.##.## ##..####.###....##.#.
#.##### ####8.### ##.#.##.#.
#.....# ##..@l(+..#####......
#####.# #..8#..#8..# ####.## #.#
#.####+###.# #.# #.# #'#$()[$$# #
#.# #.# #[########.#### #.#
####.####..8#..#8Y.#..# #.#
#.......##..'..+..###.####.#
#.##.###.####.8####........#
#.##......# #'#######.######


You could see a komodo dragon (very poisoned).

Vanquished Creatures
  A hornet (D:8)
  A yak (D:6)
  An orc warrior (D:6)
  A black bear (D:6)
  A kobold brigand (D:7)
  2 bullfrogs (D:8)
  A hound (D:6)
  A jelly (D:7)
  An iguana (D:6)
  2 white imps
  An ufetubus (D:6)
  5 orcs
  6 kobolds
24 creatures vanquished.

Vanquished Creatures (others)
  2 plants (D:8)
2 creatures vanquished.

Grand Total: 26 creatures vanquished

Notes
Turn   | Place    | Note
-------+----------+-------------------------------------------
     0 | D:5      | Reached skill level 9 in Stealth
     0 | D:5      | McGhostyFace the Gnoll Delver began the quest for the Orb.
     0 | D:5      | Reached XP level 1. HP: 23/23 MP: 1/1
    94 | D:6      | Noticed a black bear
   337 | D:6      | Noticed an iguana
   339 | D:6      | Noticed a hornet
   340 | D:6      | Noticed a yak
   341 | D:6      | Killed an iguana
   342 | D:6      | Reached XP level 2. HP: 29/29 MP: 2/2
   342 | D:6      | Reached XP level 3. HP: 35/35 MP: 3/3
   412 | D:6      | Reached skill level 1 in Invocations
   736 | D:6      | Killed a black bear
   737 | D:6      | Reached skill level 1 in Long Blades
   737 | D:6      | Reached skill level 1 in Axes
   737 | D:6      | Reached skill level 1 in Maces & Flails
   737 | D:6      | Reached skill level 1 in Polearms
   737 | D:6      | Reached skill level 1 in Staves
   737 | D:6      | Reached skill level 1 in Ranged Weapons
   737 | D:6      | Reached skill level 1 in Throwing
   737 | D:6      | Reached skill level 1 in Armour
   737 | D:6      | Reached skill level 1 in Shields
   737 | D:6      | Reached skill level 1 in Unarmed Combat
   737 | D:6      | Reached skill level 1 in Spellcasting
   737 | D:6      | Reached skill level 1 in Conjurations
   737 | D:6      | Reached skill level 1 in Hexes
   737 | D:6      | Reached skill level 1 in Summonings
   737 | D:6      | Reached skill level 1 in Necromancy
   737 | D:6      | Reached skill level 1 in Translocations
   737 | D:6      | Reached skill level 1 in Transmutations
   737 | D:6      | Reached skill level 1 in Fire Magic
   737 | D:6      | Reached skill level 1 in Ice Magic
   737 | D:6      | Reached skill level 1 in Air Magic
   737 | D:6      | Reached skill level 1 in Earth Magic
   737 | D:6      | Reached skill level 1 in Poison Magic
   737 | D:6      | Reached skill level 1 in Evocations
   737 | D:6      | Reached XP level 4. HP: 6/41 MP: 4/6
   737 | D:6      | Reached XP level 5. HP: 7/47 MP: 4/7
   904 | D:6      | Found a bloodstained altar of Trog.
   972 | D:6      | Noticed an orc warrior
   977 | D:6      | Killed an orc warrior
   978 | D:6      | Reached XP level 6. HP: 53/53 MP: 8/8
   994 | D:6      | Killed a yak
   995 | D:6      | Reached skill level 5 in Short Blades
   995 | D:6      | Reached skill level 5 in Dodging
  1108 | D:6      | Noticed an ice beast
  1262 | D:6      | Found a hazy altar of Hepliaklqana.
  1775 | D:7      | Got the Directory of Spellbinding
  1778 | D:7      | Found a staircase to the Ecumenical Temple.
  1799 | Temple   | Entered the Ecumenical Temple
  1922 | Temple   | Became a worshipper of Gozag Ym Sagoz the Greedy
  2023 | D:7      | Reached XP level 7. HP: 60/60 MP: 10/10
  2446 | D:7      | Reached skill level 10 in Stealth
  2659 | D:8      | Noticed a two-headed ogre
  2786 | D:8      | Found a snail-covered altar of Cheibriados.
  2832 | D:8      | Noticed a hornet
  2839 | D:8      | Paralysed by a hornet for 1 turns
  2840 | D:8      | Killed a hornet
  2841 | D:8      | Reached XP level 8. HP: 47/67 MP: 12/12
  3011 | D:6      | Noticed a komodo dragon
  3023 | D:6      | Slain by a komodo dragon

Illustrated notes

Levels and vault maps discovered:
D:5:      layout_cave_pools, uniq_menkaure
D:6:      minmay_chambers_of_sixes, layout_loops_corners,
          worldfamousw_hep_ancestral_shrine, lightli_temple_of_fire
D:7:      layout_loops_ring, minmay_temple_entry_slanted, small_statue_alley_b
D:8:      cheibrodos_fzero, layout_loops_ring, nicolae_overflow_crystal_walls,
          nicolae_elyvilon_temple_path, minmay_manual_mares, uniq_maggie
Temple:   hellmonk_temple_flake

Skill      XL: |  1  2  3  4  5  6  7 |
---------------+----------------------+-----
Stealth        | 10 | 10.0
Invocations    | 1 2 3 |  3.2
Long Blades    | 1 2 3 |  3.0
Axes           | 1 2 3 |  3.0
Maces & Flails | 1 2 3 |  3.0
Polearms       | 1 2 3 |  3.0
Staves         | 1 2 3 |  3.0
Ranged Weapons | 1 2 3 |  3.0
Throwing       | 1 2 3 |  3.0
Armour         | 1 2 3 |  3.0
Shields        | 1 2 3 |  3.0
Unarmed Combat | 1 2 3 |  3.0
Spellcasting   | 1 2 3 |  3.0
Conjurations   | 1 2 |  2.4
Hexes          | 1 2 |  2.4
Summonings     | 1 2 |  2.4
Necromancy     | 1 2 |  2.4
Translocations | 1 2 |  2.4
Transmutations | 1 2 |  2.4
Fire Magic     | 1 2 |  2.4
Ice Magic      | 1 2 |  2.4
Air Magic      | 1 2 |  2.4
Earth Magic    | 1 2 |  2.4
Poison Magic   | 1 2 |  2.4
Evocations     | 1 2 3 |  3.0
Short Blades   | 5 |  5.5
Dodging        | 5 |  5.5
Fighting       | 7 |  7.2

Action                   |  1- 3 |  4- 6 |  7- 9 || total
-------------------------+-------+-------+-------++-------
Melee: Short sword       |    31 |    36 |       ||    67
       Bite              |     2 |     6 |     2 ||    10
       Punch             |     1 |     3 |     2 ||     6
       Rapier            |       |     1 |    42 ||    43
Throw: Dart              |       |       |     9 ||     9
Evoke: Wand              |     5 |    12 |       ||    17
  Use: Potion            |       |     1 |       ||     1
       Scroll            |       |       |     1 ||     1
 Stab: Sleeping          |     1 |     3 |     2 ||     6
Armor: Leather armour    |    10 |     4 |    12 ||    26
Dodge: Dodged            |    22 |    28 |    28 ||    78

Table legend: (Time is in decaauts)
 A = Elapsed time spent in this place.
 B = Non-inter-level travel time spent in this place.
 C = Inter-level travel time spent in this place.
 D = Time resting spent in this place.
 E = Time spent auto-exploring this place.
 F = Levels seen in this place.
 G = Mean time per level.
                   A        B        C        D        E       F      G
               +--------+--------+--------+--------+--------+-----+--------+
         Total |   3007 |   2812 |    195 |    617 |    727 |   5 |  601.4 |
       Dungeon |   2874 |   2694 |    180 |    617 |    622 |   4 |  718.5 |
        Temple |    132 |    117 |     15 |      0 |    105 |   1 |  132.0 |
               +--------+--------+--------+--------+--------+-----+--------+

Top non-repeatable levels by time:
     D:6: 1595 daAuts
     D:7: 884 daAuts
     D:8: 386 daAuts
  Temple: 132 daAuts
     D:5: 8 daAuts
